 Dungeon Crawl Stone Soup version 0.30-a0-557-ge2afbf3030 (webtiles) character file.

Game seed: 12533476991322020217

121 billz999 the Skirmisher (level 5, -1/38 HPs)
             Began as a Gnoll Hunter on Dec 27, 2022.
             Slain by Grinder (4 damage)
             ... while paralysed by Grinder
             ... on level 3 of the Dungeon.
             The game lasted 00:03:32 (2005 turns).

billz999 the Skirmisher (Gnoll Hunter)              Turns: 2005, Time: 00:03:32

Health: -1/38      AC:  3    Str: 11    XL:     5   Next: 5%
Magic:  7/7        EV:  2    Int:  8    God:
Gold:   138        SH:  0    Dex: 17    Spells: 6/6 levels left

rFire   . . .      SeeInvis .    e - +2 mace (drain)
rCold   . . .      Faith    .    (no shield)
rNeg    . . .      Spirit   .    c - +0 leather armour
rPois   .          Reflect  .    (no helmet)
rElec   .          Harm     .    (no cloak)
rCorr   .          Rampage  .    (no gloves)
Will    .....      Rage     3%   (no boots)
Stlth   +++                      m - amulet of magic regeneration
HPRegen 0.26/turn                (no ring)
MPRegen 0.50/turn                (no ring)

@: paralysed
A: fangs 1, strong nose, distributed training, camouflage 1, berserk 1, frail 1
a: no special abilities


You were on level 3 of the Dungeon.
You visited 1 branch of the dungeon, and saw 3 of its levels.

You collected 138 gold pieces.

Inventory:

Hand Weapons
 a - a +0 shortbow
 e - a +2 mace of draining (weapon)
Missiles
 o - 2 javelins
Armour
 c - a +0 leather armour (worn)
Jewellery
 m - an amulet of magic regeneration (around neck)
 p - a ring of wizardry
Scrolls
 b - a scroll of immolation
 k - a scroll of enchant weapon
 q - a scroll of teleportation
 r - 2 scrolls of identify
Potions
 d - a potion of degeneration
 g - a potion of curing {unknown}
 h - a potion of invisibility {unknown}
 i - a potion of ambrosia {unknown}
 j - a potion of attraction {unknown}
 l - a potion of flight {unknown}
 n - a potion of haste {unknown}


   Skills:
 + Level 4.7 Fighting
 + Level 1.4 Short Blades
 + Level 1.4 Long Blades
 + Level 1.4 Axes
 + Level 1.4 Maces & Flails
 + Level 1.4 Polearms
 + Level 1.4 Staves
 + Level 8.6 Ranged Weapons
 + Level 1.4 Throwing
 + Level 1.4 Armour
 + Level 4.7 Dodging
 + Level 2.7 Stealth
 + Level 1.4 Shields
 + Level 1.4 Unarmed Combat
 + Level 1.4 Spellcasting
 + Level 1.1 Conjurations
 + Level 1.1 Hexes
 + Level 1.1 Summonings
 + Level 1.1 Necromancy
 + Level 1.1 Translocations
 + Level 1.1 Transmutations
 + Level 1.1 Fire Magic
 + Level 1.1 Ice Magic
 + Level 1.1 Air Magic
 + Level 1.1 Earth Magic
 + Level 1.1 Poison Magic
 + Level 1.5 Invocations
 + Level 1.4 Evocations


You had 6 spell levels left.
You didn't know any spells.
Your spell library was empty.

Dungeon Overview and Level Annotations

Branches:
Dungeon (3/15)

Altars:
Xom

Annotations:
D:3 Grinder


Innate Abilities, Weirdness & Mutations

You have very sharp teeth.
Your uncanny sense of smell can sniff out nearby items.
Your experience applies equally to all skills.
Your skin changes colour to match your surroundings (Stealth+).
You sometimes lose your temper in combat.
You are frail. (-10% HP)


Message History

Grinder misses you.
You hit Grinder. You bite Grinder, but do no damage.
Grinder is moderately wounded.
Grinder hits you but does no damage. Grinder closely misses you.
You hit Grinder.
Grinder is moderately wounded.
Grinder says, "Tell me all your secrets, or I'll kill you."
Grinder hits you!
You hit Grinder. You punch Grinder, but do no damage.
Grinder is heavily wounded.
Grinder hits you.
You writhe in agony.
You barely miss Grinder.
Grinder is heavily wounded.
Grinder gestures at you. You resist with significant effort.
Grinder gestures at you. You resist with significant effort.
You closely miss Grinder.
Grinder is heavily wounded.
Grinder hits you!
You writhe in agony.
You barely miss Grinder. You bite Grinder, but do no damage.
Grinder is heavily wounded.
Grinder hits you.
You writhe in agony.
It was a potion of mutation.
You feel extremely strange.
You feel frail.
You feel a little pissed off.
Your skin functions as natural camouflage.
Grinder hits you but does no damage.
You completely miss Grinder. You bite Grinder, but do no damage.
Grinder is heavily wounded.
Grinder says, "My boss said I was rubbish.
His entrails said otherwise."
Grinder gestures at you.
You suddenly lose the ability to move!
Grinder says, "You look like you could use a good racking."
Grinder gestures at you. Pain shoots through your body!
* * * LOW HITPOINT WARNING * * *
Grinder hits you.
* * * LOW HITPOINT WARNING * * *
You writhe in agony.
You die...

. ### ##.... 8#....
.... ..# ∆ 8# ######
### #....# #.# ###
#.##5#
..######.####)##@#
####..........##....#
# #.###...##########
####..........#
............#.####
#######.#####....#
#..>.......#
####..^^^..#
##.._^..##


You could see Grinder.

Vanquished Creatures
  An orc priest (D:3)
  An adder (D:2)
  3 worms (D:2)
  3 dart slugs (D:1)
  4 orcs
  4 bats
  8 endoplasms
  3 giant cockroaches (D:2)
  8 goblins
  3 hobgoblins
  2 jackals (D:2)
  6 kobolds
  3 quokkas (D:2)
  3 ball pythons
  3 frilled lizards (D:2)
  4 rats
59 creatures vanquished.

Notes
Turn   | Place    | Note
-------+----------+-------------------------------------------
     0 | D:1      | billz999 the Gnoll Hunter began the quest for the Orb.
     0 | D:1      | Reached XP level 1. HP: 20/20 MP: 1/1
   108 | D:1      | Reached XP level 2. HP: 26/26 MP: 2/2
   393 | D:1      | Reached XP level 3. HP: 31/31 MP: 3/3
   523 | D:1      | You fall into a shaft and drop 1 floor!
   915 | D:1      | Found a faded altar of an unknown god.
  1035 | D:2      | Reached skill level 1 in Invocations
  1287 | D:2      | Reached skill level 1 in Short Blades
  1287 | D:2      | Reached skill level 1 in Long Blades
  1287 | D:2      | Reached skill level 1 in Axes
  1287 | D:2      | Reached skill level 1 in Maces & Flails
  1287 | D:2      | Reached skill level 1 in Polearms
  1287 | D:2      | Reached skill level 1 in Staves
  1287 | D:2      | Reached skill level 1 in Throwing
  1287 | D:2      | Reached skill level 1 in Armour
  1287 | D:2      | Reached skill level 1 in Shields
  1287 | D:2      | Reached skill level 1 in Unarmed Combat
  1287 | D:2      | Reached skill level 1 in Spellcasting
  1287 | D:2      | Reached skill level 1 in Evocations
  1441 | D:2      | Reached XP level 4. HP: 38/38 MP: 5/5
  1666 | D:2      | Reached skill level 1 in Conjurations
  1666 | D:2      | Reached skill level 1 in Hexes
  1666 | D:2      | Reached skill level 1 in Summonings
  1666 | D:2      | Reached skill level 1 in Necromancy
  1666 | D:2      | Reached skill level 1 in Translocations
  1666 | D:2      | Reached skill level 1 in Transmutations
  1666 | D:2      | Reached skill level 1 in Fire Magic
  1666 | D:2      | Reached skill level 1 in Ice Magic
  1666 | D:2      | Reached skill level 1 in Air Magic
  1666 | D:2      | Reached skill level 1 in Earth Magic
  1666 | D:2      | Reached skill level 1 in Poison Magic
  1862 | D:3      | Found a shimmering altar of Xom.
  1879 | D:3      | Reached XP level 5. HP: 31/43 MP: 5/7
  1987 | D:3      | Noticed Grinder
  2002 | D:3      | Gained mutation: You are frail. (-10% HP) [potion of
                  | mutation]
  2002 | D:3      | Gained mutation: You sometimes lose your temper in combat.
                  | [potion of mutation]
  2002 | D:3      | Gained mutation: Your skin changes colour to match your
                  | surroundings (Stealth+). [potion of mutation]
  2003 | D:3      | Paralysed by Grinder for 5 turns
  2005 | D:3      | Slain by Grinder

Illustrated notes

Levels and vault maps discovered:
D:1:      erik_arrival_blinker_ship, layout_basic, serial_aquarium,
          aquarium_bridge_square [aquarium_subvault_wall,
          aquarium_subvault_bridge, aquarium_subvault_wall,
          aquarium_subvault_wall], aquarium_window_corridor_3,
          aquarium_window_fake, aquarium_window_2, aquarium_window_2,
          aquarium_view_2a, aquarium_balcony_5a, aquarium_pool_double,
          chequers_ecumenical_altar_grove
D:2:      minmay_razor_zed, layout_rooms, minmay_hedge_maze, grunt_ministairs_7
D:3:      layout_basic, xom_teletrap_fun, st_stairs_6,
          minmay_increasing_density, uniq_grinder

Skill      XL: |  1  2  3  4 |
---------------+-------------+-----
Invocations    | 1 |  1.5
Short Blades   | 1 |  1.4
Long Blades    | 1 |  1.4
Axes           | 1 |  1.4
Maces & Flails | 1 |  1.4
Polearms       | 1 |  1.4
Staves         | 1 |  1.4
Throwing       | 1 |  1.4
Armour         | 1 |  1.4
Shields        | 1 |  1.4
Unarmed Combat | 1 |  1.4
Spellcasting   | 1 |  1.4
Evocations     | 1 |  1.4
Conjurations   | 1 |  1.1
Hexes          | 1 |  1.1
Summonings     | 1 |  1.1
Necromancy     | 1 |  1.1
Translocations | 1 |  1.1
Transmutations | 1 |  1.1
Fire Magic     | 1 |  1.1
Ice Magic      | 1 |  1.1
Air Magic      | 1 |  1.1
Earth Magic    | 1 |  1.1
Poison Magic   | 1 |  1.1
Fighting       | |  4.7
Ranged Weapons | |  8.6
Dodging        | |  4.7
Stealth        | |  2.7

Action                   |  1- 3 |  4- 6 || total
-------------------------+-------+-------++-------
Melee: Mace              |       |    41 ||    41
       Bite              |       |     9 ||     9
       Punch             |       |     2 ||     2
 Fire: Shortbow          |    96 |    30 ||   126
  Use: Scroll            |     2 |     5 ||     7
       Potion            |       |     1 ||     1
Armor: Leather armour    |     2 |    11 ||    13
Dodge: Dodged            |    11 |    22 ||    33

Table legend: (Time is in decaauts)
 A = Elapsed time spent in this place.
 B = Non-inter-level travel time spent in this place.
 C = Inter-level travel time spent in this place.
 D = Time resting spent in this place.
 E = Time spent auto-exploring this place.
 F = Levels seen in this place.
 G = Mean time per level.
                   A        B        C        D        E       F      G
               +--------+--------+--------+--------+--------+-----+--------+
         Total |   2029 |   1932 |     97 |    106 |   1519 |   3 |  676.3 |
       Dungeon |   2029 |   1932 |     97 |    106 |   1519 |   3 |  676.3 |
               +--------+--------+--------+--------+--------+-----+--------+

Top non-repeatable levels by time:
     D:1: 1017 daAuts
     D:2: 863 daAuts
     D:3: 148 daAuts
